 Dungeon Crawl Stone Soup version 0.30.2 (webtiles) character file.

Game seed: 4785635522199638243

1535 porpoise the Summoner (level 8, -2/56 HPs)
             Began as a Barachi Summoner on Feb 17, 2024.
             Slain by a two-headed ogre
             ... wielding a +0 giant club
              (20 damage)
             ... on level 6 of the Dungeon on Feb 18, 2024.
             The game lasted 00:35:07 (7507 turns).

porpoise the Summoner (Barachi Summoner)            Turns: 7507, Time: 00:35:16

Health: -2/56      AC:  9    Str:  9    XL:     8   Next: 86%
Magic:  6/14       EV: 12    Int: 17    God:
Gold:   246        SH:  0    Dex: 14    Spells: 9/15 levels left

rFire   + . .        b - +1 sling (chaos)
rCold   . . .        (no shield)
rNeg    . . .        B - +3 leather armour {Will+}
rPois   .            C - +1 helmet
rElec   .            m - +0 cloak
rCorr   .            (no gloves)
SInv    .            (no boots)
Will    +....        (no amulet)
Stlth   +++          E - ring of protection from fire
HPRegen 0.29/turn    (no ring)
MPRegen 0.14/turn

%: no passive effects
@: slow
A: amphibious, slowness 1, strong legs 1, +LOS
a: Hop


You were on level 6 of the Dungeon.
You visited 2 branches of the dungeon, and saw 7 of its levels.
You also visited: Ossuary.

You collected 246 gold pieces.

Inventory:

Hand Weapons
 a - a +2 spectral quarterstaff
 b - a +1 sling of chaos (weapon)
 d - a +1 short sword of draining
 w - a +0 trident
 y - the +0 flail "Sugapt" {speed, Dex+3}
   (You found it on level 5 of the Dungeon)

   Dex:       It affects your dexterity (+3).
Missiles
 h - a throwing net
 k - 2 poisoned darts
Armour
 m - a +0 cloak (worn)
 r - the +0 kite shield "Wein" {Dex+5 Slay+3}
   (You found it on level 6 of the Dungeon)

   Dex:       It affects your dexterity (+5).
   Slay:      It affects your accuracy & damage with ranged weapons and melee
   (+3).
 B - a +3 leather armour of willpower (worn)
 C - a +1 helmet (worn)
Jewellery
 E - a ring of protection from fire (left hand)
Wands
 F - a wand of quicksilver (2)
Scrolls
 o - 2 scrolls of fear
 p - 3 scrolls of teleportation
 u - a scroll of enchant weapon
 v - 2 scrolls of blinking
 I - a scroll of magic mapping
Potions
 c - 4 potions of heal wounds
 g - a potion of cancellation {unknown}
 j - 3 potions of attraction
 l - 2 potions of mutation
 q - a potion of berserk rage
 t - 2 potions of magic
 x - a potion of brilliance {unknown}
 A - 2 potions of might
 D - 3 potions of curing {unknown}
 J - a potion of invisibility {unknown}


   Skills:
 * Level 2.3 Fighting
 - Level 6.0 Staves
 - Level 1.0 Armour
 - Level 2.3 Dodging
 - Level 5.0 Stealth
 + Level 0.7 Shields
 + Level 4.3 Spellcasting
 - Level 9.0 Summonings


You had 9 spell levels left.
You knew the following spells:

 Your Spells              Type           Power      Damage    Failure   Level
a - Summon Small Mammal   Summ           100%       N/A       1%          1
b - Call Imp              Summ           68%        N/A       1%          2
c - Call Canine Familiar  Summ           34%        N/A       1%          3

Your spell library contained the following spells:

 Spells                   Type           Power      Damage    Failure   Level
 Summon Guardian Golem    Hex/Summ       18%        N/A       10%         3
 Magic Dart               Conj           12%        1d3       21%         1
 Slow                     Hex            12%        N/A       21%         1
 Lesser Beckoning         Tloc           6%         N/A       30%         2
 Animate Armour           Summ/Erth      36%        N/A       32%         4
 Summon Lightning Spire   Summ/Air       18%        N/A       32%         4
 Confusing Touch          Hex            3%         N/A       52%         3
 Gell's Gravitas          Tloc           3%         N/A       52%         3
 Inner Flame              Hex/Fire       3%         N/A       52%         3
 Mephitic Cloud           Conj/Pois/Air  3%         N/A       52%         3
 Stone Arrow              Conj/Erth      6%         3d7       52%         3
 Teleport Other           Tloc           3%         N/A       52%         3
 Vampiric Draining        Necr           3%         2d6       52%         3
 Flame Wave               Conj/Fire      3%         2d5       90%         4
 Sticky Flame             Conj/Fire      3%         2d3       90%         4
 Yara's Violent Unravell  Hex/Tmut       1%         3d3       99%         5
 Enfeeble                 Hex            1%         N/A       100%        7
 Lehudib's Crystal Spear  Conj/Erth      1%         10d2      100%        8


Dungeon Overview and Level Annotations

Branches:
Dungeon (6/15)             Temple (1/1) D:4         Ossuary (visited)

Altars:
Ashenzari
Cheibriados
Dithmenos
Elyvilon
Fedhas
Gozag
Hepliaklqana
Kikubaaqudgha
Makhleb
Okawaru
Qazlal
Ru
Trog
Uskayaw
Vehumet
Wu Jian
Xom
Yredelemnul
Zin
The Shining One

Shops:
D:2 [


Innate Abilities, Weirdness & Mutations

You are amphibious.
You cover ground slowly.
You can hop short distances.
You have an extended range of vision and can be seen from far away.


Message History

You shoot a sling bullet. The sling bullet hits the hound.
The sling bullet burns the hound.
You kill the hound!
Found a stone staircase leading down.
There is a stone staircase leading down here.
A two-headed ogre comes into view.
It is wielding a +0 giant club and a +0 giant spiked club.
You shoot a sling bullet.
The sling bullet hits the two-headed ogre.
The two-headed ogre is lightly wounded.
You shoot a sling bullet.
The sling bullet hits the two-headed ogre.
The two-headed ogre goes berserk!
The two-headed ogre is lightly wounded.
You shoot a sling bullet.
The sling bullet hits the two-headed ogre.
The two-headed ogre is moderately wounded.
The two-headed ogre rages.
Casting: Call Canine Familiar (safe; 1% risk of failure)
Confirm with . or Enter, or press ? or * to list all spells.
The two-headed ogre hits you with a +0 giant club!!!
Ouch! That really hurt!
The two-headed ogre closely misses you.
You swap places.
Your hound bites the two-headed ogre but does no damage.
The two-headed ogre closely misses your hound.
The two-headed ogre hits your hound with a +0 giant spiked club!!!
Your hound dies!
Your hound's corpse disappears in a puff of smoke!
Casting: Call Canine Familiar (safe; 1% risk of failure)
Confirm with . or Enter, or press ? or * to list all spells.
The two-headed ogre completely misses you.
The two-headed ogre closely misses you.
Casting: Call Canine Familiar (safe; 1% risk of failure)
Confirm with . or Enter, or press ? or * to list all spells.
A tiny devil pulls itself out of the air.
Your hound bites the two-headed ogre.
Your hound barely misses the two-headed ogre.
The two-headed ogre closely misses you.
The two-headed ogre hits you with a +0 giant spiked club!!
You die...

...####### ....#....### ******
.##........### ****,,,,***
####.........## *,,,>,,,,,** #
##.....)....# *,,,,,,,,,,*
#...........## **,,,,,,,,,*
#............# *,,,,,,,,,**
#.....†......########....,,,,,,
#.............@O.........,,****
#.............h#######...,** #
#.............5# ***,** * #
###............## *** ** #
##.......^....# *## **,
###......#...# *#.###* **,,
##......#...###.....#* *,,, #
##...##.###...).......# **,, ##
#...##### ##..........# *,,


You could see a two-headed ogre (berserk, ally target), a friendly hound
(summoned) and a friendly cerulean imp (summoned).

Vanquished Creatures
  Eustachio (D:4)
  A black bear (D:5)
  4 scorpions
  A wight (D:6)
  3 hounds
  2 iguanas
  2 orc wizards (D:6)
  A mummy (Ossuary)
  6 gnolls (D:5)
  An adder (D:4)
  An ufetubus (D:4)
  A worm (D:2)
  A dart slug (D:5)
  13 orcs
  5 ball pythons
  2 endoplasms (D:4)
  2 giant cockroaches (D:3)
  5 goblins
  A hobgoblin (D:1)
  9 jackals
  7 kobolds
  2 quokkas (D:2)
  5 bats
  3 frilled lizards
  3 gnoll skeletons (Ossuary)
  5 kobold skeletons (Ossuary)
  8 orc skeletons (Ossuary)
  7 rats
102 creatures vanquished.

Vanquished Creatures (collateral kills)
  A wraith (Ossuary)
  2 ogres (D:5)
  3 wights (D:6)
  A howler monkey (D:5)
  A hound (D:2)
  An orc wizard (D:5)
  A gnoll (D:5)
  3 adders
  A worm (D:2)
  2 dart slugs (D:1)
  An orc (D:4)
  5 ball pythons
  A bat (D:1)
  6 endoplasms
  4 giant cockroaches
  4 hobgoblins
  5 jackals
  A quokka (D:3)
  2 frilled lizards (D:2)
  3 gnoll skeletons (Ossuary)
  4 kobolds
  2 kobold skeletons (Ossuary)
  4 orc skeletons (Ossuary)
  A rat (D:1)
59 creatures vanquished.

Grand Total: 161 creatures vanquished

Notes
Turn   | Place    | Note
-------+----------+-------------------------------------------
     0 | D:1      | porpoise the Barachi Summoner began the quest for the Orb.
     0 | D:1      | Reached XP level 1. HP: 13/13 MP: 3/3
   107 | D:1      | Reached skill level 5 in Summonings
   121 | D:1      | Reached XP level 2. HP: 19/19 MP: 0/5
   559 | D:1      | Learned a level 2 spell: Call Imp
   579 | D:1      | Reached XP level 3. HP: 24/24 MP: 7/7
  1421 | D:1      | Learned a level 3 spell: Call Canine Familiar
  1595 | D:2      | Reached XP level 4. HP: 16/30 MP: 5/8
  2213 | D:2      | Reached skill level 6 in Summonings
  2213 | D:2      | Reached XP level 5. HP: 29/35 MP: 10/10
  2493 | D:2      | Found Osaotoge's Antique Armour Shop.
  3750 | D:4      | Noticed Eustachio
  3775 | D:4      | Killed Eustachio
  3776 | D:4      | Reached skill level 1 in Staves
  3776 | D:4      | Reached XP level 6. HP: 20/41 MP: 12/12
  4157 | D:4      | Found a staircase to the Ecumenical Temple.
  4186 | Temple   | Entered the Ecumenical Temple
  4419 | D:4      | Found a hazy altar of Hepliaklqana.
  4457 | D:4      | Reached skill level 7 in Summonings
  5214 | D:5      | Entered Level 5 of the Dungeon
  5225 | D:5      | Reached XP level 7. HP: 40/46 MP: 7/13
  5604 | D:5      | Identified the +0 flail "Sugapt" {speed, Dex+3}
  5626 | D:5      | Reached skill level 8 in Summonings
  5897 | D:5      | Reached XP level 8. HP: 44/52 MP: 14/14
  6524 | D:6      | Identified the +0 kite shield "Wein" {Dex+5 Slay+3}
  6545 | D:6      | Found a sand-covered staircase.
  6556 | Ossuary  | Entered an ossuary
  6556 | Ossuary  | Noticed a wraith
  6556 | Ossuary  | Noticed a wraith
  6556 | Ossuary  | Noticed a wraith
  6818 | Ossuary  | Noticed a wraith
  6850 | Ossuary  | Killed a wraith
  6851 | Ossuary  | Reached skill level 5 in Staves
  7125 | D:6      | Reached skill level 9 in Summonings
  7147 | D:6      | Reached skill level 5 in Stealth
  7155 | D:6      | Reached skill level 1 in Fighting
  7155 | D:6      | Reached skill level 1 in Armour
  7284 | D:6      | Found a burning altar of Makhleb.
  7499 | D:6      | Noticed a two-headed ogre
  7507 | D:6      | Slain by a two-headed ogre

Illustrated notes

Levels and vault maps discovered:
D:1:      saegor_arrival_simple_b, layout_basic
D:2:      layout_loops_ring, serial_shops, shop, nicolae_elevator_lobby_plus
D:3:      layout_rooms, wad_floor_pattern_1, kennysheep_generic_room_12
D:4:      layout_layer_cave, mainiacjoe_overflow_paths,
          minmay_temple_entry_trees, uniq_eustachio
D:5:      layout_cave_pods
D:6:      layout_cave_pods, bloody_makhleb,
          lightli_ossuary_entry_decrepit_ruins, hangedman_decor_growths
Temple:   mainiacjoe_temple_bowtie_tessellation

Skill      XL: |  1  2  3  4  5  6  7  8 |
---------------+-------------------------+-----
Summonings     | 5 6 7 8 9 |  9.0
Stealth        | 2 3 4 5 |  5.0
Spellcasting   | 3 4 |  4.3
Staves         | 1 2 4 6 |  6.0
Fighting       | 2 |  2.3
Armour         | 1 |  1.0
Dodging        | |  2.3
Shields        | |  0.7

Action                     |  1- 3 |  4- 6 |  7- 9 || total
---------------------------+-------+-------+-------++-------
  Melee: Unarmed           |    43 |       |       ||    43
         Dagger            |    51 |    98 |       ||   149
         Punch             |     2 |     1 |       ||     3
         Trident           |       |    49 |       ||    49
         Quarterstaff      |       |    34 |    83 ||   117
   Fire: Sling             |       |    45 |    66 ||   111
   Cast: Summon Small Mamm |    39 |    17 |       ||    56
         Call Imp          |     1 |     8 |    10 ||    19
         Call Canine Famil |       |     8 |    12 ||    20
    Use: Potion            |     1 |     2 |       ||     3
         Scroll            |       |     1 |    18 ||    19
   Stab: Sleeping          |     1 |     1 |       ||     2
         Distracted        |     2 |     2 |     4 ||     8
 Armour: Robe              |    34 |    53 |       ||    87
         Leather armour    |       |    13 |    31 ||    44
  Dodge: Dodged            |    87 |   186 |    52 ||   325
